 Dungeon Crawl Stone Soup version 0.31-a0-662-g684573625c (webtiles) character file.

Game seed: 3310445024925022196

958 avis the Changeling (level 7, 0/31 HPs)
             Began as a Felid Shapeshifter on Sept 1, 2023.
             Slain by a gnoll
             ... wielding a +0 whip
             ... led by a gnoll sergeant
              (5 damage)
             ... on level 6 of the Dungeon.
             The game lasted 00:18:50 (5045 turns).

avis the Changeling (Felid Shapeshifter)            Turns: 5045, Time: 00:18:50

Health: 0/31       AC:  2    Str: 11    XL:     7   Next: 91%
Magic:  8/8        EV: 19    Int: 15    God:
Gold:   274        SH:  0    Dex: 15    Spells: 6/6 levels left
                                        Lives:  0   Deaths: 3

rFire   . .          .
                       - Unarmed
rCold   . . .        (shield unavailable)
rNeg    . . .        (body armour unavailable)
rPois   .            (helmet unavailable)
rElec   .            (cloak unavailable)
rCorr   .            (gloves unavailable)
SInv    +            (boots unavailable)
Will    +....        e - amulet of the acrobat
Stlth   ++           (no ring)
HPRegen 0.25/turn    (no ring)
MPRegen 0.11/turn

%: acrobat
@: beast-form, quick
A: beast (slay +3), very small, claws 1, fangs 3, see invisible, speed 1, shaggy
fur 2, stealthy paws, no weapons or thrown items, no armour, multi-lived, clever
1
a: Begin Untransformation


You were on level 6 of the Dungeon.
You were a hulking beast.
You visited 1 branch of the dungeon, and saw 6 of its levels.

You collected 274 gold pieces.

Inventory:

Jewellery
 e - an amulet of the acrobat (around neck)
 f - an amulet of magic regeneration
Talismans
 a - a maw talisman
 b - a beast talisman (active)
 c - a flux talisman
Wands
 h - a wand of roots (4)
 u - a wand of flame (6)
Scrolls
 d - 5 scrolls of teleportation {unknown}
 g - 5 scrolls of identify {unknown}
 j - a scroll of vulnerability {unknown}
 l - 3 scrolls of revelation {unknown}
 m - a scroll of blinking {unknown}
 o - a scroll of fog {unknown}
 p - a scroll of fear {unknown}
 t - a scroll of amnesia {unknown}
 v - a scroll of enchant weapon {unknown}
Potions
 i - a potion of attraction {unknown}
 k - a potion of heal wounds {unknown}
 n - a potion of resistance {unknown}
 q - a potion of mutation
 r - a potion of lignification
 s - a potion of haste {unknown}


   Skills:
 + Level 3.9 Fighting
 + Level 5.8 Dodging
 - Level 2.0 Stealth
 + Level 5.0 Unarmed Combat
 * Level 6.5 Shapeshifting


You had 6 spell levels left.
You didn't know any spells.
Your spell library contained the following spells:

 Spells                   Type           Power      Damage    Failure   Level
 Necrotise                Necr           0%         1d4       26%         1
 Inner Flame              Hex/Fire       0%         N/A       63%         3
 Summon Guardian Golem    Hex/Summ       0%         N/A       63%         3
 Vampiric Draining        Necr           0%         2d6       63%         3
 Flame Wave               Conj/Fire      0%         2d4       95%         4
 Sticky Flame             Conj/Fire      0%         2d3       95%         4
 Agony                    Necr           0%         N/A       100%        5
 Orb of Destruction       Conj           0%         9d5       100%        7
 Spellforged Servitor     Conj/Summ      0%         N/A       100%        7


Dungeon Overview and Level Annotations

Branches:
Dungeon (6/15)
 Temple: D:4-7

Altars:
Dithmenos
Elyvilon
Hepliaklqana
Uskayaw
Vehumet
Wu Jian
The Shining One

Annotations:
D:4 Blork the orc
D:6 1 runed translucent door, jejorda2's ghost, novice GnBe


Innate Abilities, Weirdness & Mutations

You are a hulking beast.
Your limbs bulge with bestial killing power. (Slay +3)
You have sharp claws.
You have razor-sharp teeth.
You have supernaturally acute eyesight. (SInv)
You cover ground quickly. (Speed+)
You are covered in thick fur. (AC +2)
Your paws help you pounce on unaware monsters.
You are incapable of wielding weapons or throwing items.
You cannot wear armour.
You gain extra lives every three experience levels.
Your mind is acute. (Int +4, Str/Dex -1)


Message History

There is a stone staircase leading down here.
You scratch the gnoll.
You kill the gnoll!
Things that are here:
a +0 flail; a gnoll corpse
There is a stone staircase leading down here.
You start resting.
HP restored.
You climb downwards.
Level annotation: 1 runed translucent door, jejorda2's ghost, novice GnBe The gnoll sergeant hits you but does no damage.
The gnoll sergeant hits you with a +0 spear!
There is a stone staircase leading up, spattered with blood here.
You see here the felid skeleton of avis.
You scratch the gnoll sergeant but do no damage.
The gnoll sergeant closely misses you. The gnoll sergeant blocks your attack.
You closely miss the gnoll sergeant.
The gnoll sergeant hits you with a +0 spear!
You scratch the gnoll sergeant.
The gnoll sergeant is lightly wounded.
The gnoll sergeant hits you with a +0 spear.
You scratch the gnoll sergeant. You claw the gnoll sergeant!
You bite the gnoll sergeant, but do no damage.
The gnoll sergeant is heavily wounded.
The gnoll sergeant hits you with a +0 spear!
* * * LOW HITPOINT WARNING * * *
You claw the gnoll sergeant! The gnoll sergeant blocks your attack.
The gnoll sergeant is severely wounded.
The gnoll sergeant misses you.
You claw the gnoll sergeant!
You kill the gnoll sergeant!
Your Unarmed Combat skill increases to level 5!
You scratch the gnoll.
The gnoll is lightly wounded.
The gnoll misses you.
You claw the gnoll! You bite the gnoll.
The gnoll is almost dead.
The gnoll hits you with a +0 whip.
You die...

########
############.......
#.hg...........g...
#$######.#...######
#)# ..###..# # ...
..$# #..$# #
#....... ....... #
#..#..# #.##[##.# #
#.###.# #. ..##.# #
#. .!# # ####.# #
#. . ###.#


You could see a gnoll.

Vanquished Creatures
  An orc warrior (D:6)
  A centaur (D:6)
  A gnoll sergeant (D:6)
  A scorpion (D:4)
  3 orc priests
  A hound (D:5)
  Terence (D:2)
  5 iguanas
  6 orc wizards
  6 gnolls
  7 adders
  2 shadow imps (D:5)
  2 ufetubi
  2 worms
  2 dart slugs
  17 orcs
  6 endoplasms
  3 giant cockroaches
  4 goblins
  3 hobgoblins
  4 quokkas
  5 ball pythons
  7 bats
  6 frilled lizards
  5 kobolds
  4 rats
105 creatures vanquished.

Notes
Turn   | Place    | Note
-------+----------+-------------------------------------------
     0 | D:1      | avis the Felid Shapeshifter began the quest for the Orb.
     0 | D:1      | Reached XP level 1. HP: 9/9 MP: 2/2
   181 | D:1      | Reached XP level 2. HP: 11/12 MP: 3/3
   326 | D:1      | Reached XP level 3. HP: 15/15 MP: 4/4
   962 | D:2      | Noticed Terence
   972 | D:2      | Killed Terence
   973 | D:2      | Reached skill level 1 in Stealth
   973 | D:2      | Reached skill level 4 in Shapeshifting
   975 | D:2      | Gained mutation: You are weak. (Str -2) [potion of
                  | mutation]
   975 | D:2      | Lost mutation: You are weak. (Str -2) [potion of mutation]
   975 | D:2      | Gained mutation: Your mind is acute. (Int +4, Str/Dex -1)
                  | [potion of mutation]
  1014 | D:2      | Reached XP level 4. HP: 19/19 MP: 5/5
  1839 | D:3      | Found a hazy altar of Hepliaklqana.
  1899 | D:3      | Reached XP level 5. HP: 22/22 MP: 6/6
  1934 | D:3      | Found an ornate altar of the Wu Jian Council.
  2230 | D:3      | Found a white marble altar of Elyvilon.
  2795 | D:4      | Found a shadowy altar of Dithmenos.
  2822 | D:4      | Reached skill level 5 in Shapeshifting
  2849 | D:4      | Gained mutation: You are covered in thick fur. (AC +2)
                  | [Felid growth]
  2849 | D:4      | Reached XP level 6. HP: 27/27 MP: 7/7
  2881 | D:4      | Noticed Blork the orc
  2999 | D:4      | Found a radiant altar of Vehumet.
  3147 | D:4      | HP: 1/27 [poisoned by a scorpion]
  3147 | D:4      | Slain by a scorpion
  3574 | D:5      | Entered Level 5 of the Dungeon
  3893 | D:5      | Reached XP level 7. HP: 29/31 MP: 8/8
  3914 | D:5      | Reached skill level 5 in Dodging
  4112 | D:5      | Found a hide-covered altar of Uskayaw.
  4170 | D:5      | Found a glowing golden altar of the Shining One.
  4649 | D:6      | Mangled by an orc warrior
  4685 | D:6      | Killed from afar by an orc priest
  4709 | D:6      | Reached skill level 6 in Shapeshifting
  4813 | D:6      | Found a runed translucent door.
  4814 | D:6      | Noticed a two-headed ogre
  4815 | D:6      | Noticed jejorda2's ghost (novice GnBe)
  5044 | D:6      | Reached skill level 5 in Unarmed Combat
  5045 | D:6      | Slain by a gnoll

Illustrated notes

Levels and vault maps discovered:
D:1:      eino_arrival_tree_alley, layout_loops_ring
D:2:      layout_rooms, minmay_strange_pillars, uniq_terence
D:3:      layout_basic, lemuel_coloured_pillars_altar, lemuel_doored_altar,
          worldfamousw_hep_ancestral_shrine
D:4:      layout_loops_cross, nicolae_dithmenos_the_darkroom, tgw_sif,
          mainiacjoe_overflow_paths
D:5:      layout_loops_cross, mainiacjoe_overflow_alcove_4, tso_altar
D:6:      layout_loops_ring, mainiacjoe_overflow_big_doors,
          minmay_temple_entry_hall, ebering_ghost_inner_flame

Skill      XL: |  1  2  3  4  5  6  7 |
---------------+----------------------+-----
Dodging        | 3 4 5 |  5.8
Stealth        | 1 2 |  2.0
Shapeshifting  | 4 5 6 |  6.5
Fighting       | 2 3 |  3.9
Unarmed Combat | 4 5 |  5.0

Action                     |  1- 3 |  4- 6 |  7- 9 || total
---------------------------+-------+-------+-------++-------
  Melee: Unarmed           |    63 |   189 |    81 ||   333
         Punch             |     1 |     4 |     4 ||     9
         Bite              |     3 |    20 |     9 ||    32
  Evoke: Wand              |       |     1 |       ||     1
    Use: Potion            |     2 |     3 |       ||     5
   Stab: Sleeping          |     4 |     5 |     1 ||    10
         Distracted        |       |     1 |       ||     1
 Armour: Skin              |    20 |    53 |    25 ||    98
  Dodge: Dodged            |    40 |   145 |    58 ||   243

Table legend: (Time is in decaauts)
 A = Elapsed time spent in this place.
 B = Non-inter-level travel time spent in this place.
 C = Inter-level travel time spent in this place.
 D = Time resting spent in this place.
 E = Time spent auto-exploring this place.
 F = Levels seen in this place.
 G = Mean time per level.
                   A        B        C        D        E       F      G
               +--------+--------+--------+--------+--------+-----+--------+
         Total |   4317 |   3998 |    319 |    894 |   2041 |   6 |  719.5 |
       Dungeon |   4317 |   3998 |    319 |    894 |   2041 |   6 |  719.5 |
               +--------+--------+--------+--------+--------+-----+--------+

Top non-repeatable levels by time:
     D:3: 1080 daAuts
     D:5: 940 daAuts
     D:4: 833 daAuts
     D:1: 788 daAuts
     D:2: 386 daAuts
     D:6: 288 daAuts
